 Dungeon Crawl Stone Soup version 0.26-a0-812-g31a745ddcd (webtiles) character file.

Game seed: 9111673610206063057

226 Lanoc the Grave Robber (level 5, 0/49 HPs)
             Began as a Troll Necromancer on Nov 23, 2020.
             Was a Believer of Elyvilon.
             Slain by Edmund
             ... wielding a +0 vorpal flail
              (3 damage)
             ... on level 4 of the Dungeon.
             The game lasted 00:03:40 (1320 turns).

Lanoc the Grave Robber (Troll Necromancer)          Turns: 1320, Time: 00:03:41

Health: 0/49       AC:  6    Str: 16    XL:     5   Next: 69%
Magic:  5/5        EV: 10    Int: 12    God:    Elyvilon [**....]
Gold:   126        SH:  0    Dex:  8    Spells: 4/6 levels left

rFire    . . .     SeeInvis .   (no weapon)
rCold    . . .     Faith    .   (no shield)
rNeg     . . .     Spirit   .   a - +0 robe
rPois    .         Reflect  .   (helmet restricted)
rElec    .         Harm     .   (no cloak)
rCorr    .         Rampage  .   (gloves unavailable)
MR       .....     Rnd*Rage +   (boots unavailable)
Stlth    +.........             (no amulet)
HPRegen  0.56/turn              (no ring)
MPRegen  0.09/turn              (no ring)

@: brilliant, very slightly contaminated, invisible
A: large, unfitting armour, claws 3, hooves 1, berserk 1, clumsy 1, regeneration
1, shaggy fur 1, tough skin 3
a: Lesser Healing, Heal Other, Divine Protection, Renounce Religion


You were on level 4 of the Dungeon.
You worshipped Elyvilon.
Elyvilon was pleased with you.
You visited 1 branch of the dungeon, and saw 4 of its levels.

You collected 126 gold pieces.

Inventory:

Armour
 a - a +0 robe (worn)
Scrolls
 b - 3 scrolls of teleportation {unknown}
 c - a scroll of amnesia {unknown}
 e - 2 scrolls of remove curse {unknown}
 g - 2 scrolls of enchant armour {unknown}
 h - a scroll of identify {unknown}
 k - 3 scrolls of enchant weapon {unknown}
 m - a scroll of fog {unknown}
Potions
 f - a potion of attraction


   Skills:
 + Level 1.9 Fighting
 + Level 2.8 Dodging
 - Level 1.0 Stealth
 - Level 1.2 Spellcasting
 * Level 4.8 Necromancy


You had 4 spell levels left.
You knew the following spells:

 Your Spells              Type           Power        Failure   Level
a - Pain                  Necr           ###.         4%          1
b - Animate Skeleton      Necr           ###...       4%          1

Your spell library contained the following spells:

 Spells                   Type           Power        Failure   Level
 Vampiric Draining        Necr           ###.......   12%         3
 Animate Dead             Necr           ###.......   38%         4
 Agony                    Necr           ###.....     75%         5


Dungeon Overview and Level Annotations

Branches:
Dungeon (4/15)
 Temple: D:4-7

Altars:
Elyvilon

Annotations:
D:4 Edmund


Innate Abilities, Weirdness & Mutations

You are too large for most types of armour.
You have claws for hands.
Your natural rate of healing is unusually fast.
You are covered in fur. (AC +1)
You have extremely tough skin. (AC +3)
You have large cloven feet.
You tend to lose your temper in combat.
You are clumsy. (Dex -2)


Message History

* * * LOW HITPOINT WARNING * * *
You fade into invisibility!
Edmund barely misses you.
You scratch Edmund.
Edmund is almost dead.
Edmund hits you with a +0 vorpal flail.
* * * LOW HITPOINT WARNING * * *
x2 You barely miss Edmund.
Edmund is almost dead.
You scratch Edmund but do no damage. You kick Edmund, but do no damage.
Edmund is almost dead.
Edmund closely misses you.
You closely miss Edmund.
Edmund is almost dead.
Edmund closely misses you.
You scratch Edmund but do no damage.
Edmund is almost dead.
Edmund hits you with a +0 vorpal flail!
* * * LOW HITPOINT WARNING * * *
You die...

#..#..##..#...#####.#...
#..#......#.......#.....
#......#..#.#####.###...
#......#..#.# #.#.....
#..#...#≈≈#.#####.#.###.
#[.#...####.#...).#.# #.
#..#...#..#.#....##.###.
##.#...#@.#.#....##.(<#.
#.#...@..#.#....#######
#.#)#....#.#....##.(...
#.########.#.#####.####
#..........#.# #.#
######.#####.# #.#
#.......# #.# #######.#
#.# #)# #.# #.# #.#


You could see Edmund.

Vanquished Creatures
  Sigmund (D:4)
  A worker ant (D:4)
  2 oozes (D:4)
  An adder skeleton (D:4)
  A worm (D:3)
  2 leopard geckos
  An orc (D:4)
  A ball python (D:3)
  2 bats (D:3)
  2 giant cockroaches
  A goblin (D:2)
  2 hobgoblins
  2 jackals (D:3)
  2 kobolds
  3 quokkas (D:3)
  4 frilled lizards
  6 rats
34 creatures vanquished.

Vanquished Creatures (others)
  A plant (D:1)
1 creature vanquished.

Grand Total: 35 creatures vanquished

Notes
Turn   | Place    | Note
-------+----------+-------------------------------------------
     0 | D:1      | Lanoc the Troll Necromancer began the quest for the Orb.
     0 | D:1      | Reached XP level 1. HP: 16/16 MP: 1/1
   143 | D:2      | Reached XP level 2. HP: 12/24 MP: 0/2
   168 | D:2      | Learned a level 1 spell: Animate Skeleton
   466 | D:3      | Found a faded altar of an unknown god.
   475 | D:3      | Became a worshipper of Elyvilon the Healer
   475 | D:3      | Reached * piety under Elyvilon
   719 | D:3      | Reached XP level 3. HP: 21/32 MP: 3/3
   917 | D:4      | Reached skill level 1 in Fighting
   917 | D:4      | Reached skill level 4 in Necromancy
  1113 | D:4      | Reached XP level 4. HP: 41/41 MP: 4/4
  1201 | D:4      | Reached ** piety under Elyvilon
  1208 | D:4      | Noticed Sigmund
  1223 | D:4      | Gained mutation: You are clumsy. (Dex -2) [potion of
                  | mutation]
  1223 | D:4      | Gained mutation: You tend to lose your temper in combat.
                  | [potion of mutation]
  1223 | D:4      | Gained mutation: You have large cloven feet. [potion of
                  | mutation]
  1228 | D:4      | Killed Sigmund
  1228 | D:4      | Reached XP level 5. HP: 46/49 MP: 5/5
  1273 | D:4      | Noticed Edmund
  1320 | D:4      | Slain by Edmund

Illustrated notes

Levels and vault maps discovered:
D:1:      lightli_arrival_windingriver, layout_loops_cross,
          hangedman_glass_teeth, minmay_bisected
D:2:      layout_rooms, elyvilon_altar_5
D:3:      layout_loops_cross, chequers_ecumenical_altar_simple_redux
D:4:      layout_basic, serial_shops, nicolae_shop_statue_plus,
          sigmund_edmund_badplayer

Skill      XL: |  1  2  3 |
---------------+----------+-----
Dodging        | 2 |  2.8
Fighting       | 1 |  1.9
Necromancy     | 4 |  4.8
Stealth        | |  1.0
Spellcasting   | |  1.2

Action                   |  1- 3 |  4- 6 || total
-------------------------+-------+-------++-------
Melee: Unarmed           |   120 |    50 ||   170
       Kick              |       |     6 ||     6
 Cast: Pain              |    12 |       ||    12
  Use: Potion            |       |     9 ||     9
 Stab: Sleeping          |     3 |       ||     3
       Invisible         |       |     4 ||     4
Armor: Robe              |    67 |     5 ||    72
       Skin              |       |     1 ||     1
Dodge: Dodged            |    74 |    22 ||    96

Table legend: (Time is in decaauts)
 A = Elapsed time spent in this place.
 B = Non-inter-level travel time spent in this place.
 C = Inter-level travel time spent in this place.
 D = Time resting spent in this place.
 E = Time spent auto-exploring this place.
 F = Levels seen in this place.
 G = Mean time per level.
                   A        B        C        D        E       F      G
               +--------+--------+--------+--------+--------+-----+--------+
         Total |   1319 |   1275 |     44 |     20 |    926 |   4 |  329.8 |
       Dungeon |   1319 |   1275 |     44 |     20 |    926 |   4 |  329.8 |
               +--------+--------+--------+--------+--------+-----+--------+

Top non-repeatable levels by time:
     D:3: 689 daAuts
     D:4: 460 daAuts
     D:2: 87 daAuts
     D:1: 81 daAuts
